 Dungeon Crawl Stone Soup version 0.29-a0-617-g7a6b98fccd (webtiles) character file.

Game seed: 5143097263841572610

4864 gruber the Fighter (level 10, -6/87 HPs)
             Began as a Merfolk Transmuter on June 17, 2022.
             Was an Initiate of Sif Muna.
             Mangled by a wyvern (9 damage)
             ... on level 8 of the Dungeon.
             The game lasted 00:08:59 (7784 turns).

gruber the Fighter (Merfolk Transmuter)             Turns: 7784, Time: 00:09:00

Health: -6/87      AC: 12    Str: 10    XL:     10   Next: 50%
Magic:  15/15      EV: 17    Int: 17    God:    Sif Muna [......]
Gold:   471        SH:  0    Dex: 15    Spells: 14/15 levels left

rFire   . . .      SeeInvis .   o - +7 rapier "Ubamm" {spect, *Slow rN+++}
rCold   + . .      Faith    .   (no shield)
rNeg    + + +      Spirit   .   a - +0 robe
rPois   .          Reflect  .   z - +0 helmet
rElec   .          Harm     .   L - +0 cloak
rCorr   .          Rampage  .   d - +2 pair of gloves
Will    .....                   n - +0 pair of boots
Stlth   +++.......              (no amulet)
HPRegen 0.24/turn               l - ring of protection from cold
MPRegen 0.14/turn               K - +4 ring of protection

@: no status effects
A: (nimble swimmer 2), mertail
a: Renounce Religion


You were on level 8 of the Dungeon.
You worshipped Sif Muna.
Sif Muna was noncommittal.
You visited 2 branches of the dungeon, and saw 9 of its levels.

You collected 471 gold pieces.

Inventory:

Hand Weapons
 o - the +7 rapier "Ubamm" (weapon) {spect, *Slow rN+++}
   (You found it on level 2 of the Dungeon)

   When its wielder attacks, the weapon's spirit leaps out and strikes again.
   The spirit shares a part of any damage it takes with its wielder.
   rN:        It renders you almost immune to negative energy.
   *Slow:     It may slow you when you take damage.
Missiles
 D - a throwing net
 I - a curare-tipped dart
Armour
 a - a +0 robe (worn)
 d - a +2 pair of gloves (worn)
 n - a +0 pair of boots (worn)
 z - a +0 helmet (worn)
 L - a +0 cloak (worn)
Magical Staves
 c - a staff of earth
Jewellery
 l - a ring of protection from cold (left hand)
 J - a ring of positive energy
 K - a +4 ring of protection (right hand)
Wands
 A - a wand of flame (18)
 E - a wand of iceblast (7)
Scrolls
 f - 6 scrolls of magic mapping {unknown}
 j - a scroll of brand weapon {unknown}
 k - 8 scrolls of identify {unknown}
 m - 2 scrolls of summoning {unknown}
 p - 2 scrolls of amnesia {unknown}
 q - 8 scrolls of poison {unknown}
 r - a scroll of noise {unknown}
 s - 3 scrolls of teleportation {unknown}
 y - 4 scrolls of fear {unknown}
 B - a scroll of vulnerability {unknown}
 F - a scroll of enchant weapon {unknown}
 H - a scroll of enchant armour {unknown}
Potions
 b - 2 potions of lignification
 e - a potion of haste {unknown}
 g - 3 potions of ambrosia {unknown}
 h - 3 potions of flight {unknown}
 i - 2 potions of might {unknown}
 t - 2 potions of heal wounds {unknown}
 u - 2 potions of curing
 v - 2 potions of attraction {unknown}
 w - 3 potions of cancellation {unknown}
 x - 4 potions of brilliance {unknown}
 C - 2 potions of degeneration {unknown}
 G - a potion of mutation {unknown}


   Skills:
 - Level 11.1 Fighting
 - Level 5.3 Short Blades
 - Level 10.2 Dodging
 * Level 4.7 Stealth
 - Level 5.2 Unarmed Combat
 - Level 3.4 Spellcasting
 - Level 4.2 Transmutations


You had 14 spell levels left.
You knew the following spells:

 Your Spells              Type           Power      Damage    Failure   Level
a - Beastly Appendage     Tmut           34%        N/A       3%          1

Your spell library contained the following spells:

 Spells                   Type           Power      Damage    Failure   Level
 Wereblood                Tmut           17%        N/A       4%          2
 Summon Small Mammal      Summ           8%         N/A       17%         1
 Spider Form              Tmut/Pois      10%        N/A       22%         3
 Ensorcelled Hibernation  Hex/Ice        4%         N/A       26%         2
 Static Discharge         Conj/Air       2%         N/A       26%         2
 Call Canine Familiar     Summ           2%         N/A       45%         3
 Portal Projectile        Hex/Tloc       4%         N/A       45%         3
 Summon Guardian Golem    Hex/Summ       2%         N/A       45%         3
 Tukima's Dance           Hex            2%         N/A       45%         3
 Ice Form                 Ice/Tmut       10%        N/A       56%         4
 Blade Hands              Tmut           8%         N/A       63%         5
 Anguish                  Hex/Necr       1%         N/A       86%         4
 Lightning Bolt           Conj/Air       1%         1d12      99%         5
 Maxwell's Capacitive Co  Air            1%         ∞         100%        8


Dungeon Overview and Level Annotations

Branches:
Dungeon (8/15)             Temple (1/1) D:6
   Lair: D:8-11

Altars:
Ashenzari
Cheibriados
Dithmenos
Elyvilon
Fedhas
Gozag
Hepliaklqana
Kikubaaqudgha
Makhleb
Nemelex Xobeh
Okawaru
Qazlal
Ru
Sif Muna
Trog
Uskayaw
Vehumet
Wu Jian
Xom
Yredelemnul
Zin
The Shining One

Shops:
D:1 (

Annotations:
D:8 Grum


Innate Abilities, Weirdness & Mutations

((You are very nimble when in or above water. (Stealth+, EV+, Speed+++)))
Your lower body shifts to a powerful aquatic tail in water.


Message History

You are poisoned.
The wolf closely misses you.
The wolf bites your +7 rapier "Ubamm" {spect, *Slow rN+++} but does no damage.
The wyvern completely misses you.
You barely miss the wolf.
The wolf is almost dead.
Your +7 rapier "Ubamm" {spect, *Slow rN+++} misses the wolf.
You feel sick. The wolf barely misses you. Something hits you!
You are more poisoned.
The wyvern misses you. The wolf closely misses you. The wolf barely misses you.
Unknown command.
You hit the wolf.
You kill the wolf!
Sif Muna accepts your kill.
You feel very sick. The wyvern closely misses you. Something hits you!
You are more poisoned.
The wolf misses you. The wyvern misses you.
You are too injured to fight recklessly!
Unknown command.
You completely miss the wolf.
Your +7 rapier "Ubamm" {spect, *Slow rN+++} hits the wolf!
* * * LOW HITPOINT WARNING * * *
You feel very sick.
The wolf bites your +7 rapier "Ubamm" {spect, *Slow rN+++}.
Something hits you!
* * * LOW HITPOINT WARNING * * *
You are more poisoned.
The wyvern bites you!
* * * LOW HITPOINT WARNING * * *
The wolf bites your +7 rapier "Ubamm" {spect, *Slow rN+++}.
Your spectral weapon shares its damage with you!
* * * LOW HITPOINT WARNING * * *
Unknown command.
Unknown command.
You feel better. The wolf misses you. The wyvern misses you.
Something closely misses you. The wolf bites you!
* * * LOW HITPOINT WARNING * * *
The wyvern bites you!
You die...

### #...........######
... #...........# ...
#...........# ...
#....)......# ...
#.....).....# #
#.§.........# ##
#§...)......# .#
#...h§......# .#
####...†@......# .#
.......l######## .#
.......{# .'. ........#
.#.. ........#
##.......§......#
...≈≈§.≈≈≈§≈...........
...≈.§. ...≈...........
...≈.# ##.≈.!.........


You could see a wyvern and a wolf.

Vanquished Creatures
  Erica (D:8)
  Sigmund (D:6)
  Menkaure (D:6)
  Edmund (D:4)
  Duvessa (D:4)
  3 water moccasins
  A black bear (D:4)
  4 ice beasts
  An ogre (D:4)
  2 wolves (D:8)
  3 phantoms (D:6)
  A centaur (D:8)
  A kobold brigand (D:8)
  A bullfrog (D:8)
  Blork the orc (D:4)
  5 elf skeletons (D:6)
  2 necrophages (D:5)
  4 scorpions
  12 wights
  Dowan (D:4)
  4 howler monkeys
  4 hounds
  2 jellies
  2 orc priests (D:8)
  A gnoll shaman (D:7)
  3 human skeletons (D:6)
  2 iguanas
  3 orc wizards
  Robin (D:3)
  16 gnolls
  6 adders
  2 white imps
  3 ufetubi
  3 worms
  A dart slug (D:2)
  2 orcs (D:6)
  7 ball pythons
  5 bats
  7 endoplasms
  5 giant cockroaches
  10 hobgoblins
  8 jackals
  3 quokkas
  4 frilled lizards
  18 goblins
  7 kobolds
  2 orc skeletons (D:6)
  An orc zombie (D:6)
  8 rats
187 creatures vanquished.

Notes
Turn   | Place    | Note
-------+----------+-------------------------------------------
     0 | D:1      | gruber the Merfolk Transmuter began the quest for the Orb.
     0 | D:1      | Reached XP level 1. HP: 15/15 MP: 3/3
   411 | D:1      | Found Biadiy's Antique Weapon Shoppe.
   419 | D:1      | Reached XP level 2. HP: 21/21 MP: 3/5
   715 | D:1      | Reached XP level 3. HP: 15/26 MP: 4/6
  1550 | D:2      | Found a faded altar of an unknown god.
  1562 | D:2      | Identified the +7 rapier "Ubamm" {spect, *Slow rN+++}
  1700 | D:2      | Found an opulent altar of Gozag.
  1729 | D:2      | Reached XP level 4. HP: 32/32 MP: 7/7
  2215 | D:3      | Noticed Robin
  2262 | D:3      | Reached skill level 1 in Short Blades
  2271 | D:3      | Reached XP level 5. HP: 24/37 MP: 7/9
  2407 | D:3      | Killed Robin
  2624 | D:3      | Reached skill level 5 in Unarmed Combat
  2826 | D:4      | Noticed an ogre
  2830 | D:4      | Killed an ogre
  2831 | D:4      | Reached XP level 6. HP: 43/43 MP: 8/10
  3004 | D:4      | Noticed a black bear
  3011 | D:4      | Killed a black bear
  3055 | D:4      | Noticed Edmund
  3062 | D:4      | Killed Edmund
  3063 | D:4      | Reached skill level 5 in Short Blades
  3063 | D:4      | Reached XP level 7. HP: 36/48 MP: 10/12
  3365 | D:4      | Noticed Duvessa
  3367 | D:4      | Noticed Dowan
  3371 | D:4      | Killed Duvessa
  3381 | D:4      | Killed Dowan
  3382 | D:4      | Reached skill level 5 in Dodging
  3529 | D:4      | Noticed Blork the orc
  3535 | D:4      | Killed Blork the orc
  3801 | D:5      | Entered Level 5 of the Dungeon
  3897 | D:5      | Reached XP level 8. HP: 54/54 MP: 13/13
  4294 | D:5      | Reached skill level 10 in Dodging
  4488 | D:5      | Reached skill level 2 in Fighting
  4898 | D:6      | Reached skill level 3 in Fighting
  4951 | D:6      | Reached XP level 9. HP: 65/65 MP: 14/14
  4966 | D:6      | Reached skill level 4 in Fighting
  4969 | D:6      | Found a staircase to the Ecumenical Temple.
  5053 | D:6      | Reached skill level 5 in Fighting
  5110 | D:6      | You fall into a shaft and drop 2 floors!
  5133 | D:8      | Reached skill level 6 in Fighting
  5491 | D:8      | Noticed Erica
  5498 | D:8      | Killed Erica
  5499 | D:8      | Reached skill level 8 in Fighting
  5534 | D:8      | Found a shimmering altar of Xom.
  5584 | D:7      | Reached skill level 9 in Fighting
  5604 | D:7      | Reached XP level 10. HP: 40/85 MP: 15/15
  6024 | D:6      | Noticed Menkaure
  6030 | D:6      | Killed Menkaure
  6031 | D:6      | Reached skill level 10 in Fighting
  6091 | D:6      | Noticed Sigmund
  6101 | D:6      | Killed Sigmund
  6519 | D:6      | Reached skill level 11 in Fighting
  6780 | Temple   | Entered the Ecumenical Temple
  7147 | Temple   | Became a worshipper of Sif Muna the Loreminder
  7263 | D:7      | Reached skill level 1 in Stealth
  7769 | D:8      | Noticed Grum
  7784 | D:8      | HP: 3/87 [wolf[Grum] (9)]
  7784 | D:8      | Mangled by a wyvern

Illustrated notes

Levels and vault maps discovered:
D:1:      wander_arrival_lonely_grave, layout_basic, serial_shops, shop,
          minmay_misc_feat_diagonals, minmay_bisected
D:2:      layout_loops_ring, hellmonk_ecumenical_altar_blasted, basic_altar,
          serial_bayou_lake_a
D:3:      layout_rooms, uniq_robin
D:4:      layout_basic, hex_large, uniq_blork_the_orc, uniq_duvessa, uniq_edmund
D:5:      layout_basic, grunt_decor_mini_mirrors, kennysheep_generic_room_16
D:6:      layout_loops_cross, minmay_temple_entry_fiery,
          nicolae_ossuary_entry_catacombs, minmay_door_square, uniq_menkaure,
          uniq_sigmund
D:7:      layout_loops_ring
D:8:      layout_gridville, mainiacjoe_overflow_brackets, uniq_erica,
          uniq_pikel, uniq_maurice, uniq_grum
Temple:   mainiacjoe_temple_trianglar_array

Skill      XL: |  1  2  3  4  5  6  7  8  9 10 |
---------------+-------------------------------+-----
Transmutations | 3 4 |  4.2
Dodging        | 3 7 10 | 10.2
Unarmed Combat | 4 5 |  5.2
Short Blades   | 1 3 5 |  5.3
Spellcasting   | 3 |  3.4
Fighting       | 3 9 11 | 11.1
Stealth        | 4 |  4.7

Action                   |  1- 3 |  4- 6 |  7- 9 | 10-12 || total
-------------------------+-------+-------+-------+-------++-------
Melee: Unarmed           |    80 |       |       |       ||    80
       Headbutt          |    10 |       |       |       ||    10
       Punch             |     6 |     5 |     6 |     9 ||    26
       Rapier            |    14 |    77 |   120 |    91 ||   302
 Cast: Beastly Appendage |    18 |     1 |       |       ||    19
  Use: Potion            |       |       |       |     1 ||     1
 Stab: Sleeping          |     1 |     2 |       |     4 ||     7
       Distracted        |       |       |     1 |     1 ||     2
Armor: Robe              |    23 |    14 |    13 |    17 ||    67
Dodge: Dodged            |    71 |    38 |    74 |    85 ||   268

Table legend: (Time is in decaauts)
 A = Elapsed time spent in this place.
 B = Non-inter-level travel time spent in this place.
 C = Inter-level travel time spent in this place.
 D = Time resting spent in this place.
 E = Time spent auto-exploring this place.
 F = Levels seen in this place.
 G = Mean time per level.
                   A        B        C        D        E       F      G
               +--------+--------+--------+--------+--------+-----+--------+
         Total |   7752 |   7392 |    360 |    213 |   6054 |   9 |  861.3 |
       Dungeon |   7371 |   7025 |    346 |    213 |   5695 |   8 |  921.4 |
        Temple |    380 |    367 |     13 |      0 |    359 |   1 |  380.0 |
               +--------+--------+--------+--------+--------+-----+--------+

Top non-repeatable levels by time:
     D:1: 1521 daAuts
     D:5: 1073 daAuts
     D:6: 1057 daAuts
     D:4: 973 daAuts
     D:7: 961 daAuts
     D:2: 701 daAuts
     D:3: 579 daAuts
     D:8: 504 daAuts
  Temple: 380 daAuts
